 Dungeon Crawl Stone Soup version 0.31.0-12-g77e489cdc1 (webtiles) character file.

Game seed: 7570971193105760229

141 octopus7009 the Covered (level 5, -14/41 HPs)
             Began as a Human Fighter on Mar 7, 2024.
             Demolished by an ogre
             ... wielding a +0 giant club
              (23 damage)
             ... on level 4 of the Dungeon.
             The game lasted 00:07:58 (2627 turns).

octopus7009 the Covered (Human Fighter)             Turns: 2627, Time: 00:07:58

Health: -14/41     AC:  9    Str: 17    XL:     5   Next: 24%
Magic:  5/5        EV:  7    Int:  8    God:
Gold:   143        SH:  5    Dex: 14    Spells: 4/4 levels left

rFire   . . .        r - +0 short sword (speed)
rCold   . . .        c - +0 buckler
rNeg    . . .        e - +0 chain mail
rPois   .            (no helmet)
rElec   .            (no cloak)
rCorr   .            (no gloves)
SInv    .            (no boots)
Will    .....        (no amulet) Stlth
                     (no ring)
HPRegen 0.26/turn    (no ring)
MPRegen 0.09/turn

%: no passive effects
@: no status effects
A: explore regen
a: no special abilities


You were on level 4 of the Dungeon.
You visited 1 branch of the dungeon, and saw 4 of its levels.

You collected 143 gold pieces.

Inventory:

Hand Weapons
 a - a +0 long sword
 r - a +0 short sword of speed (weapon)
Missiles
 n - 3 poisoned darts (quivered)
Armour
 b - a +0 scale mail
 c - a +0 buckler (worn)
 e - a +0 chain mail (worn)
Jewellery
 t - a ring of fire
 w - a ring of ice
Talismans
 m - a serpent talisman
Scrolls
 f - a scroll of immolation {unknown}
 g - 3 scrolls of blinking {unknown}
 h - 2 scrolls of enchant armour {unknown}
 i - 2 scrolls of identify {unknown}
 l - a scroll of amnesia {unknown}
 o - a scroll of vulnerability {unknown}
 q - a scroll of butterflies {unknown}
 s - a scroll of poison {unknown}
 u - a scroll of revelation {unknown}
Potions
 d - a potion of might
 j - a potion of brilliance {unknown}
 k - a potion of curing {unknown}
 p - a potion of lignification {unknown}
 v - a potion of resistance {unknown}


   Skills:
 + Level 3.5 Fighting
 * Level 1.3(2.3) Short Blades
 + Level 3.0(3.2) Long Blades
 * Level 3.9 Armour
 * Level 0.6 Dodging
 + Level 3.5 Shields


You had 4 spell levels left.
You didn't know any spells.
Your spell library contained the following spells:

 Spells                   Type           Power      Damage    Failure   Level
 Inner Flame              Hex/Fire       0%         N/A       100%        3
 Flame Wave               Conj/Fire      0%         2d4       100%        4
 Sticky Flame             Fire/Alch      0%         2d4       100%        4


Dungeon Overview and Level Annotations

Branches:
Dungeon (4/15)
 Temple: D:4-7

Altars:
Ru


Innate Abilities, Weirdness & Mutations

You regain HP and MP as you explore.


Message History

There is an open door here.
The dart slug launches a dart at you. You block the slug dart.
Okay, then.
What are your orders? t - Shout!
Orders for allies: a - Attack new target. r - Retreat! s - Stop attacking. g - Guard the area. f - Follow me.
Anything else - Cancel.
Okay, then.
Unknown command.
Throw: 6 darts (poison)
Press: ? - help, Q - select action Shift-Dir - straight line, f - ogre
Aim: an ogre, wielding a +0 giant club (72% to hit)
You throw a poisoned dart. The poisoned dart hits the ogre.
Throw: 5 darts (poison)
Press: ? - help, Q - select action Shift-Dir - straight line, f/p - ogre
Aim: an ogre, wielding a +0 giant club (72% to hit)
You throw a poisoned dart. The poisoned dart hits the ogre.
The ogre is poisoned.
The ogre barely misses you.
You hit the ogre.
The ogre is lightly wounded.
You hit the ogre.
The ogre is lightly wounded.
You hit the ogre.
The ogre is lightly wounded.
The ogre hits you with a +0 giant club!!
Ouch! That really hurt!
* * * LOW HITPOINT WARNING * * *
There is an open door here.
Throw: 4 darts (poison)
Press: ? - help, Q - select action Shift-Dir - straight line, f/p - ogre
Aim: an ogre, wielding a +0 giant club (lightly wounded, poisoned, 72% to hit)
You throw a poisoned dart. The poisoned dart hits the ogre.
The ogre is lightly wounded.
The ogre hits you with a +0 giant club!!
Ouch! That really hurt!
You die...

#.#.# #...#.# #†#.# #.#.#.#
##.#.# #.#.#.#
####....#####.#.#.######
#..........................
#.........#####.#.#########
#.#.......## #.#.# .
#........# #.#.# #......#@#
#.#.# ####..##O# #.#.#
#..##.w# ###.# #.##..(. #.#
#.+...8.. #.# # ##......
##..#### ##.# #.#


You could see an ogre (poisoned) and a dart slug.

Vanquished Creatures
  A hound (D:3)
  A gnoll (D:1)
  3 adders
  2 dart slugs
  5 orcs (D:3)
  4 endoplasms
  3 giant cockroaches
  5 goblins (D:1)
  3 hobgoblins (D:3)
  8 jackals (D:2)
  5 quokkas
  3 ball pythons
  5 bats
  2 frilled lizards (D:1)
  7 kobolds
  6 rats
63 creatures vanquished.

Notes
Turn   | Place    | Note
-------+----------+-------------------------------------------
     0 | D:1      | octopus7009 the Human Fighter began the quest for the Orb.
     0 | D:1      | Reached XP level 1. HP: 18/18 MP: 1/1
    55 | D:1      | Reached XP level 2. HP: 20/24 MP: 2/2
   185 | D:1      | Reached XP level 3. HP: 23/29 MP: 3/3
  1128 | D:2      | Reached XP level 4. HP: 31/35 MP: 4/4
  2007 | D:3      | Found a sacrificial altar of Ru.
  2188 | D:3      | Reached skill level 1 in Short Blades
  2188 | D:3      | Reached XP level 5. HP: 16/41 MP: 5/5
  2619 | D:4      | Noticed an ogre
  2627 | D:4      | Demolished by an ogre

Illustrated notes

Levels and vault maps discovered:
D:1:      lemuel_arrival_room, layout_rooms, serial_forest,
          infiniplex_forest_clump_double, infiniplex_forest_clump_double,
          infiniplex_forest_lined_2, infiniplex_forest_zigzag_1,
          infiniplex_forest_straight_3, infiniplex_forest_straight_5,
          infiniplex_forest_straight_3, minivault_27
D:2:      layout_basic, minivault_25
D:3:      layout_basic, nicolae_ru_path_of_blood
D:4:      layout_basic, mainiacjoe_overflow_alcove_2,
          mainiacjoe_overflow_small_starburst, minmay_temple_entry_glass,
          serial_library_hellmonk_semicircle, grunt_ministairs_14,
          minmay_misc_feat_five, uniq_sigmund, uniq_menkaure

Skill      XL: |  1  2  3  4 |
---------------+-------------+-----
Long Blades    | 3 |  3.0
Short Blades   | 1 |  1.3
Fighting       | |  3.5
Armour         | |  3.9
Dodging        | |  0.6
Shields        | |  3.5

Action                     |  1- 3 |  4- 6 || total
---------------------------+-------+-------++-------
  Melee: Long sword        |   132 |     5 ||   137
         Short sword       |       |   157 ||   157
  Throw: Dart              |       |     3 ||     3
 Armour: Scale mail        |     5 |       ||     5
         Chain mail        |   143 |    69 ||   212
  Dodge: Dodged            |    74 |    33 ||   107
  Block: Buckler           |    34 |    35 ||    69
